Map: Invader LE

Players

NawaK

  • Race: Terran Terran
  • League: Platinum

blackxored - Winner!

  • Race: Zerg Zerg
  • League: Platinum

VOD

Have the link to the VOD?

Description

Time

  • Played on: June 26, 2016, 6:35 p.m.
  • Length: 11:29
Show
View Real Time Build Order
Export as new Build Order

NawaK Terran 

Build Orders: Command Center First (CC), Bio Tank 

Get SALT Encoding   

  12  0:01  SCV  
  13  0:13  SCV  
  14  0:22  Supply Depot  
  14  0:25  SCV  
  15  0:43  SCV  
  16  0:55  SCV  
  17  1:07  Command Center  
  17  1:10  SCV  
  18  1:16  Refinery  
  18  1:31  SCV  
  19  1:37  Barracks  
  19  1:43  SCV  
  20  1:51  Supply Depot  
  20  1:55  SCV  
  21  2:07  SCV  
  22  2:19  SCV  
  23  2:25  Orbital Command  
  23  2:27  Factory  
  23  2:30  Marine  
  23  2:34  Orbital Command  
  24  2:43  Barracks  
  23  2:54  Bunker, SCV  
  24  3:01  Marine  
  25  3:06  SCV  
  25  3:09  Refinery, SCV  
  27  3:18  Factory Tech Lab  
  27  3:19  Marine  
  28  3:24  SCV x2  
  30  3:32  Starport  
  30  3:33  Barracks Tech Lab  
  30  3:35  Supply Depot  
  30  3:37  Marine  
  31  3:46  SCV  
  32  3:50  Siege Tank  
  35  4:01  SCV x2  
  36  4:07  Bunker  
  36  4:13  Stimpack, SCV x2  
  38  4:17  Marine  
  38  4:18  Marine  
  38  4:21  Starport Reactor  
  40  4:25  SCV x2  
  42  4:37  SCV x2  
  44  4:48  Refinery  
  44  4:49  SCV  
  45  4:57  SCV  
  45  4:59  Barracks Reactor  
  48  5:00  Refinery  
  48  5:01  Siege Tank, SCV  
  48  5:02  Marine  
  51  5:13  Medivac  
  53  5:19  Marine  
  54  5:35  Command Center  
  54  5:36  Supply Depot x2  
  54  5:37  Supply Depot  
  54  5:47  Barracks  
  54  5:49  Barracks  
  54  5:57  Marine x3, Siege Tank, SCV x2  
  62  6:10  SCV x2  
  62  6:15  Marine x3  
  63  6:22  SCV  
  64  6:25  Medivac  
  64  6:26  Medivac, SCV  
  64  6:29  Supply Depot  
  64  6:30  Siege Tank  
  72  6:33  Marine x3  
  72  6:34  SCV  
  72  6:38  Marine, SCV  
  78  6:46  Marine  
  79  6:51  Marine x3  
  82  6:56  Marine  
  79  7:02  Siege Tank  
  79  7:04  Marine  
  82  7:09  Marauder  
  70  7:25  Marine x4  
  70  7:27  Medivac x2  
  70  7:28  Orbital Command  
  70  7:29  SCV x2  
  80  7:36  Supply Depot, Marine, Combat Shields  
  81  7:38  Factory  
  81  7:41  SCV  
  81  7:43  Marine  
  83  7:52  Barracks Reactor  
  83  7:53  Barracks Reactor  
  83  7:55  Siege Tank  
  83  7:56  Engineering Bay  
  86  8:24  Marine, SCV x2  
  86  8:25  Marine  
  90  8:27  Siege Tank  
  90  8:32  Marine x5  
  98  8:42  Marine x2  
  99  8:49  Marine  
  99  8:50  Marine x3  
  89  9:07  Marine x5  
  89  9:08  Marine x2  
  89  9:09  Siege Tank  
  97  9:10  Factory Tech Lab  
  97  9:11  SCV x2  
  99  9:25  Marine x4  
  98  9:34  Hellion  
  98  9:35  Marine  
  98  9:36  Marine x2  
  103  9:40  Medivac x2  
  103  9:41  SCV x2  
  109  9:56  Orbital Command  
  109  9:59  Supply Depot  
  109  10:20  Marine x4, Medivac x2  
  117  10:21  Siege Tank  
  117  10:31  SCV  
  117  10:33  Marine  
  117  10:46  Marine x4, SCV x2  
  117  10:47  Marine x2, Hellion, SCV  
  128  10:50  Marine  
  128  10:53  Siege Tank  
  127  10:59  SCV x2  
  127  11:00  SCV  
  123  11:04  Marine x4  
  123  11:05  Marine x2  
  123  11:08  Marine, Hellion  
  123  11:11  SCV  
Show
View Real Time Build Order
Export as new Build Order

blackxored Zerg - Winner!

Build Orders: Hatch First, Muta Ling Bane 

Get SALT Encoding   

  12  0:01  Drone  
  13  0:08  Drone  
  14  0:17  Overlord  
  14  0:23  Extractor  
  14  0:24  Drone  
  15  0:37  Drone x2  
  17  0:53  Hatchery  
  17  0:57  Drone  
  17  0:59  Drone  
  18  1:11  Extractor  
  17  1:15  Spawning Pool  
  17  1:17  Drone  
  17  1:20  Drone  
  18  1:28  Drone  
  19  1:39  Overlord  
  19  1:50  Drone  
  20  2:05  Zergling x2, Queen  
  20  2:06  Queen  
  20  2:07  Zergling x2  
  26  2:12  Zergling x2  
  26  2:15  Metabolic Boost  
  27  2:32  Zergling x8  
  31  2:38  Drone  
  32  2:49  Pneumatized Carapace  
  32  2:55  Hatchery  
  31  3:09  Queen  
  33  3:21  Drone x3  
  33  3:23  Overlord  
  33  3:24  Overlord  
  37  3:41  Zergling x2  
  37  3:43  Overlord x2  
  36  3:54  Drone x5  
  41  4:05  Drone x3  
  41  4:08  Queen  
  46  4:16  Queen  
  48  4:20  Overlord  
  49  4:24  Drone  
  49  4:25  Drone  
  50  4:38  Drone x2  
  52  4:41  Lair  
  52  4:43  Drone x4  
  56  4:46  Zergling x4  
  58  5:03  Queen  
  58  5:04  Queen  
  62  5:09  Zergling x10  
  62  5:10  Zergling x4  
  69  5:15  Baneling Nest  
  69  5:16  Drone  
  69  5:33  Drone x4  
  69  5:35  Overlord x2  
  73  5:46  Extractor  
  73  5:47  Drone  
  73  5:49  Overlord x4  
  73  5:53  Queen  
  75  6:04  Drone x3  
  75  6:08  Drone x6  
  82  6:19  Zergling x6  
  82  6:24  Zergling x2  
  86  6:25  Baneling  
  86  6:26  Baneling x13  
  86  6:32  Zergling x6  
  89  6:36  Drone x3  
  92  6:47  Hatchery  
  81  7:30  Centrifical Hooks, Evolution Chamber  
  81  7:32  Extractor, Drone x3, Evolution Chamber  
  81  7:33  Extractor, Drone  
  81  7:34  Drone x3  
  81  7:35  Drone x3  
  88  7:37  Drone  
  88  7:45  Drone x6  
  88  7:48  Zergling x8  
  88  7:49  Extractor  
  88  7:50  Extractor, Baneling x4  
  96  7:52  Hatchery  
  95  8:00  Zergling x10  
  95  8:03  Zerg Melee Weapons Level 1, Zerg Ground Armor Level 1  
  100  8:08  Drone x2  
  102  8:19  Zergling x12  
  108  8:25  Spire  
  107  8:34  Zergling x2  
  107  8:35  Extractor, Zergling x14  
  108  8:47  Zergling x8  
  85  9:00  Zergling x20  
  92  9:07  Spore Crawler  
  88  9:12  Zergling x14  
  88  9:21  Zergling x8  
  92  9:24  Zergling x2  
  91  9:42  Zergling x30  
  107  9:52  Zergling x2  
  107  9:53  Zergling x6  
  107  9:56  Mutalisk  
  112  10:03  Drone x4  
  116  10:12  Baneling x10  
  116  10:13  Baneling x4  
  116  10:15  Mutalisk x3  
  116  10:16  Mutalisk x3  
  127  10:32  Zergling x16  
  132  10:42  Baneling x4  
  132  10:44  Zergling x2, Baneling x7  
  132  10:45  Zergling x2  
  132  10:49  Overlord x3  
  133  10:50  Overlord  
  119  11:05  Zergling x26  
  119  11:08  Zergling x2  
Tags
 
Add a new tag
Caveats
  • Supply blocks, unpowered buildings, or Contaminate may cause inaccurate times.
  • Supply counts are checked every 10 seconds.